 Dungeon Crawl Stone Soup version 0.20-a0-1121-gbb42413 (webtiles) character file.

282790 4thArraOfDagon the Minotaur Blade (level 19, -16/179 HPs)
             Began as a Minotaur Berserker on May 9, 2017.
             Was an Elder of Trog.
             Killed from afar by a quicksilver dragon (48 damage)
             ... with a bolt of dispelling energy
             ... on level 5 of the Vaults on May 10, 2017.
             The game lasted 01:41:00 (14702 turns).

4thArraOfDagon the Minotaur Blade (MiBe)           Turns: 14702, Time: 01:41:01

Health: -16/179    AC: 42    Str: 26    XL:     19   Next: 74%
Magic:  32/32      EV: 20    Int:  6    God:    Trog [****..]
Gold:   1828       SH:  0    Dex: 25    Spells: 18/18 levels left

rFire    + + .     SeeInvis +   M - +5 great sword (elec)
rCold    . . .     Gourm    .   (shield currently unavailable)
rNeg     + + .     Faith    +   n - +10 crystal plate armour of the Marlin {Dex+6}
rPois    +         Spirit   .   (helmet unavailable)
rElec    .         Reflect  .   (no cloak)
rCorr    .         Harm     .   F - +1 pair of gloves {Str+3}
MR       +++++     Rnd*Rage +   j - +0 pair of boots "Urets" {+Blink rF+ rN+ Str-5}
Stlth    ..........             x - amulet of faith
Regen    1.0/turn               o - ring of Satyriasis {rN+ Str+3 Dex+4 SInv Stlth-}
MPRegen  0.3/turn               f - ring "Sococoeg" {*Corrode *Drain rPois MP+9 SInv}

@: regenerating, hasted and slowed
A: retaliatory headbutt, beak, horns 3, repulsion field 1, molten scales 1,
agile 1, berserk 1, blink, fire resistance 1, magic resistance 2, screaming 1,
inhibited regeneration, MP-powered wands
}: 2/15 runes: serpentine, barnacled
a: Blink, Berserk, Trog's Hand, Brothers in Arms, Burn Spellbooks, Renounce
Religion, Evoke Blink


You were on level 5 of the Vaults.
You worshipped Trog.
Trog was greatly pleased with you.
You were very hungry.

You visited 5 branches of the dungeon, and saw 34 of its levels.
You also visited: Labyrinth, Ice Cave and Wizlab.

You collected 2000 gold pieces.
You spent 172 gold pieces at shops.

Inventory:

Hand Weapons
 J - a +3 eudemon blade of holy wrath
 M - a +5 great sword of electrocution (weapon)
Missiles
 b - 10 throwing nets (quivered)
 p - 33 javelins of returning
Armour
 a - the +18 shield of the Gong {rElec rN+ MR+ EV-5}
   (You took it off Donald on level 1 of the Shoals)

   It affects your evasion (-5).
   It insulates you from electricity.
   It protects you from negative energy.
   It affects your resistance to hostile enchantments.
 j - the +0 pair of boots "Urets" (worn) {+Blink rF+ rN+ Str-5}
   (You found it in an ice cave)

   It affects your strength (-5).
   It protects you from fire.
   It protects you from negative energy.
   It lets you blink.
 n - the +10 crystal plate armour of the Marlin (worn) {Dex+6}
   (You acquired it on level 3 of the Vaults)

   It affects your dexterity (+6).
 r - the +8 orange crystal plate armour {Archmagi, Int+3 Clar}
   (You found it in a labyrinth)

   It affects your intelligence (+3).
   It protects you against confusion.
 F - a +1 pair of gloves of strength (worn)
Jewellery
 f - the ring "Sococoeg" (right hand) {*Corrode *Drain rPois MP+9 SInv}
   (You took it off a minotaur in a labyrinth)

   [ring of magical power]

   It protects you from poison.
   It affects your magic capacity (+9).
   It lets you see invisible.
   It may corrode you when you take damage.
   It causes draining when unequipped.
 g - an uncursed ring of see invisible
 o - the ring of Satyriasis (left hand) {rN+ Str+3 Dex+4 SInv Stlth-}
   (You found it in an ice cave)

   [ring of loudness]

   It affects your strength (+3).
   It affects your dexterity (+4).
   It protects you from negative energy.
   It lets you see invisible.
   It makes you less stealthy.
 v - the ring "Xinupt" {Int+2 Dex+3 Stlth+}
   (You found it on level 4 of the Shoals)

   [ring of stealth]

   It affects your intelligence (+2).
   It affects your dexterity (+3).
   It makes you more stealthy.
 x - an amulet of faith (around neck)
 C - an uncursed ring of protection from fire
 R - an uncursed ring of ice
Wands
 t - a wand of clouds (5/9)
 D - a wand of iceblast (7/15)
 E - a wand of confusion (30/48)
 T - a wand of acid (4/15)
 U - a wand of digging (13/24)
Scrolls
 i - a scroll of vulnerability
 m - 4 scrolls of enchant weapon
 q - 2 scrolls of recharging
 s - 8 scrolls of remove curse
 A - a scroll of summoning
 H - 4 scrolls of fog
 I - 2 scrolls of fear
 N - a scroll of holy word
 P - a scroll of enchant armour
 Y - 3 scrolls of immolation
Potions
 d - 3 potions of ambrosia
 k - 2 potions of heal wounds
 l - 3 potions of might
 u - 4 potions of haste
 w - 2 potions of agility
 z - 2 potions of flight
 B - 9 potions of curing
 S - 4 potions of mutation
 X - 2 potions of resistance
 Z - 3 potions of invisibility
Books
 h - Rerask's Catalogue of Damaging Lightness
   (You found it on level 5 of the Vaults)

   Spells                             Type                      Level
   a - Sting                          Conjuration/Poison           1
   b - Throw Flame                    Conjuration/Fire             2
   c - Force Lance                    Conjuration/Translocation    4
   d - Bolt of Magma                  Conjuration/Fire/Earth       5
   e - Deflect Missiles               Charms/Air                   6
   Trog disapproves of the use of such an item.
 y - a book of Maledictions

   Spells                             Type                      Level
   a - Corona                         Hexes                        1
   b - Ensorcelled Hibernation        Hexes/Ice                    2
   c - Confuse                        Hexes                        3
   d - Tukima's Dance                 Hexes                        3
   e - Dazzling Spray                 Conjuration/Hexes            3
   Trog disapproves of the use of such an item.
 K - a book of Burglary

   Spells                             Type                      Level
   a - Swiftness                      Charms/Air                   2
   b - Passwall                       Transmutation/Earth          2
   c - Passage of Golubria            Translocation                4
   d - Lee's Rapid Deconstruction     Earth                        5
   e - Darkness                       Hexes                        6
   f - Invisibility                   Hexes                        6
   Trog disapproves of the use of such an item.
 L - a book of Frost

   Spells                             Type                      Level
   a - Freeze                         Ice                          1
   b - Throw Frost                    Conjuration/Ice              2
   c - Ozocubu's Armour               Charms/Ice                   3
   d - Throw Icicle                   Conjuration/Ice              4
   e - Summon Ice Beast               Ice/Summoning                4
   Trog disapproves of the use of such an item.
 V - a Young Poisoner's Handbook

   Spells                             Type                      Level
   a - Sting                          Conjuration/Poison           1
   b - Poisonous Vapours              Poison/Air                   2
   c - Mephitic Cloud                 Conjuration/Poison/Air       3
   d - Olgreb's Toxic Radiance        Poison                       4
   e - Venom Bolt                     Conjuration/Poison           5
   Trog disapproves of the use of such an item.
 W - a book of Flames

   Spells                             Type                      Level
   a - Flame Tongue                   Conjuration/Fire             1
   b - Throw Flame                    Conjuration/Fire             2
   c - Conjure Flame                  Conjuration/Fire             3
   d - Inner Flame                    Hexes/Fire                   3
   e - Sticky Flame                   Conjuration/Fire             4
   f - Fireball                       Conjuration/Fire             5
   Trog disapproves of the use of such an item.
Miscellaneous
 G - a box of beasts
 O - a phial of floods
 Q - a sack of spiders
Comestibles
 c - 14 bread rations


   Skills:
 + Level 18.2 Fighting
 * Level 24.1 Long Blades
 + Level 18.2 Armour
 + Level 17.1 Dodging
 + Level 6.2 Shields
 - Level 7.0 Evocations


You had 18 spell levels left.
You didn't know any spells.

Dungeon Overview and Level Annotations

Branches:
Dungeon (15/15)              Lair (6/6) D:9          Shoals (4/4) Lair:3
  Snake (4/4) Lair:2       Vaults (5/5) D:13
 Temple: D:4-7        Slime: Lair:5-6       Orc: D:9-12       Crypt: Vaults:2-3
 Depths: D:15

Altars:
Okawaru
Sif Muna

Shops:
D:9 [   Snake:4 ?   Vaults:4 %

Annotations:
D:6 Dustman's ghost, novice MiGl
Lair:5 exclusion: 6 oklob plants
Vaults:3 CRYPT


Innate Abilities, Weirdness & Mutations

You reflexively headbutt those who attack you in melee.
You have a pair of large horns on your head.
You have a beak for a mouth.
You are surrounded by a mild repulsion field. (EV +2)
You are partially covered in molten scales. (AC +2)
You are agile. (Dex +2)
You tend to lose your temper in combat.
You can translocate small distances at will.
Your flesh is heat resistant. (rF+)
You are highly resistant to hostile enchantments. (MR++)
You occasionally shout uncontrollably at your foes.
You do not regenerate when monsters are visible.
You expend magic power (3 MP) to strengthen your wands.


Message History

The storm dragon changes into a catoblepas!
The deep elf elementalist points at you and mumbles some strange words.
The fireball explodes!
The fireball engulfs you!
The yaktaur captain shoots a bolt.
The bolt hits you.
* * * LOW HITPOINT WARNING * * *
You hear a deafening roar!
You hear a shout! x5
Found a glowing whip.
You see here a bolt.
Unknown command.
Unknown command.
Unknown command.
Unknown command.
Unknown command.
Unknown command.
A quicksilver dragon comes into view.
You are no longer corroded.
The quicksilver dragon breathes dispelling energy at you.
The bolt of dispelling energy hits you!
Your magical effects are unravelling.
You die...

##H# #[###)
#...#
#...#p.p
#.#.#
#.#Y#p#.#
#..e#...#..D#
#p#.#.#.#.#
#..p#...#
#.#W#.#.#
#.Q.#(..#
#.#.#.#@#.#
#...#...#φ..#
#.#.#.#.#
#.#.#
...#..p# #.c.
#.#.#.# #.#
.#...# #Y.
.#.# #.# .#
#.


You could see a quicksilver dragon, a catoblepas shaped shifter, a yaktaur
captain, 4 vault guards and a flayed ghost.

Vanquished Creatures
  Mennas (Vaults:3)
  Nikola (Snake:1)
  A golden dragon (Vaults:5)
  A lich (Vaults:3)
  A tentacled monstrosity (Vaults:5)
  Rupert (D:13)
  A quicksilver dragon (Vaults:5)
  A sphinx (Vaults:5)
  A titan (Vaults:5)
  Kirke (Snake:2)
  3 shadow dragons (Vaults:5)
  2 storm dragons (Vaults:5)
  3 tengu reavers
  Donald (Shoals:1)
  2 fire giants
  Ilsuiw (Shoals:4)
  8 nagarajas
  2 frost giants
  10 vault wardens
  Aizul (Vaults:2)
  A deep elf sorcerer (Vaults:5)
  A war gargoyle (Vaults:5)
  Louise (Snake:1)
  3 very ugly things (Vaults:5)
  4 stone giants
  9 ironheart preservers
  A deep elf annihilator (D:13)
  2 deep elf death magi
  9 merfolk impalers
  2 blizzard demons (IceCv)
  A minotaur (Lab)
  2 fire dragons
  6 merfolk javelineers
  A crystal guardian (Vaults:5)
  7 yaktaur captains
  2 ettins
  A deep elf high priest (Vaults:5)
  Harold (Lair:2)
  3 hydras (Lair:6)
  2 ice dragons
  12 vault guards
  2 catoblepae
  2 rakshasas
  4 anacondas
  8 merfolk aquamancers
  4 alligator snapping turtles (Shoals:4)
  9 naga warriors
  2 merfolk avatars
  16 two-headed ogres
  2 centaur warriors
  3 satyrs (Shoals:4)
  4 death yaks (Shoals:2)
  A deep troll shaman (Vaults:3)
  3 ogre magi
  The ghost of Agrougrou the Cleaver, a novice DsFi of Okawaru (D:9)
  4 shock serpents
  A hell knight (Vaults:5)
  8 naga sharpshooters
  A deep elf knight (Vaults:2)
  A shadow wraith (Vaults:4)
  2 salamander mystics
  3 wizards
  11 deep trolls
  An unseen horror (D:13)
  4 naga ritualists
  15 sea snakes
  2 phantasmal warriors
  A kraken simulacrum (Shoals:4)
  7 orc knights
  A deep elf archer (Vaults:2)
  4 ironbrand convokers
  A lindwurm (Lair:6)
  5 harpies (Shoals:3)
  A necromancer (Vaults:5)
  2 mana vipers
  An orc sorcerer (Vaults:1)
  A shining eye (shapeshifter) (Vaults:5)
  14 fauns
  2 oklob plants (Lair:3)
  A wolf spider (Vaults:2)
  3 cyclopes
  11 deep elf magi
  9 salamanders
  20 ugly things
  A cyclops (shapeshifter) (Vaults:5)
  6 manticores
  A moth of wrath (shapeshifter) (Vaults:5)
  A salamander (shapeshifter) (D:13)
  3 elephants (Lair:6)
  A guardian serpent (Snake:4)
  Maurice (D:8)
  6 merfolk sirens
  10 naga magi
  A stone giant skeleton (Vaults:5)
  3 molten gargoyles (Lair:6)
  A centaur zombie (D:13)
  12 water nymphs
  28 black mambas
  A centaur skeleton (D:12)
  2 torpor snails
  5 spiny frogs
  7 vault sentinels
  A rime drake (Lair:4)
  17 yaktaurs
  An efreet (D:13)
  8 komodo dragons
  An elf skeleton (Vaults:5)
  An anaconda simulacrum (IceCv)
  5 freezing wraiths
  6 ice devils (IceCv)
  A golden dragon simulacrum (IceCv)
  4 trolls
  2 polar bears
  A wind drake (shapeshifter) (Vaults:3)
  31 merfolk
  A hornet (Vaults:5)
  8 blink frogs
  3 wind drakes
  A wolf spider simulacrum (IceCv)
  12 hippogriffs
  12 snapping turtles
  8 slime creatures
  2 redbacks (Lab)
  A redback (shapeshifter) (Vaults:4)
  A spriggan (D:7)
  A shadow (D:12)
  A vampire (D:12)
  5 water elementals
  2 dire elephant simulacra (IceCv)
  28 yaks
  16 humans (D:13)
  3 wyverns
  10 basilisks
  A hog (Snake:2)
  6 vampire mosquitoes
  A hungry ghost (D:9)
  A steam dragon (Lair:6)
  A death yak simulacrum (IceCv)
  4 harpy simulacra (IceCv)
  2 wargs
  Menkaure (D:5)
  2 iron troll simulacra (IceCv)
  An acid dragon (D:13)
  3 hydra simulacra (IceCv)
  38 nagas
  9 water moccasins
  7 porcupines
  3 hell hounds (Lair:6)
  9 orc warriors
  3 phantoms
  3 sky beasts
  5 ice beasts
  A black bear (D:10)
  An elf simulacrum (Vaults:5)
  5 necrophages (Lair:2)
  2 ettin simulacra (IceCv)
  9 wolves (Lair:4)
  A boggart (Vaults:2)
  3 small abominations (WizLab)
  7 ogres
  13 crocodiles
  11 centaurs
  9 bullfrogs
  2 big kobolds
  A wyvern zombie (D:14)
  2 scorpions
  A wyvern skeleton (D:13)
  6 killer bees (D:9)
  11 wights
  5 electric eels
  4 crimson imps
  2 bullfrog zombies
  6 hounds
  4 lava snakes (Lair:6)
  2 quasits
  4 draconian simulacra (IceCv)
  5 jellies
  A bullfrog skeleton (D:13)
  5 orc priests
  3 orc wizards
  2 iguanas
  A polar bear simulacrum (IceCv)
  9 worker ants
  A spriggan simulacrum (IceCv)
  3 troll simulacra (IceCv)
  2 wolf simulacra (IceCv)
  A centaur simulacrum (IceCv)
  A hound zombie (D:11)
  A howler monkey zombie (D:11)
  3 gnolls (D:8)
  A worker ant zombie (D:6)
  A naga simulacrum (IceCv)
  4 adders
  2 ogre simulacra (IceCv)
  2 shadow imps
  3 white imps (IceCv)
  6 ufetubi (IceCv)
  An adder skeleton (D:6)
  A worm (D:2)
  2 leopard geckos
  29 orcs
  A giant cockroach (D:7)
  A goblin (D:1)
  2 hobgoblins (D:2)
  7 jackals (D:7)
  2 quokkas
  2 frilled lizards (D:4)
  10 kobolds
  3 plants
  A tentacle (Shoals:4)
927 creatures vanquished.

Vanquished Creatures (collateral kills)
  An ancient lich (Vaults:5)
  A very ugly thing (Vaults:5)
  A merfolk impaler (Shoals:4)
  A hydra (Lair:6)
  A merfolk avatar (Shoals:2)
  2 salamanders (Snake:4)
  A naga mage (Snake:4)
  2 water nymphs (Shoals:2)
  2 merfolk (Shoals:4)
  2 water elementals (Shoals:2)
  A wyvern (Lair:2)
  A basilisk (Lair:2)
  2 nagas (Snake:4)
  A plant (Shoals:2)
19 creatures vanquished.

Vanquished Creatures (others)
  An unseen horror (Vaults:1)
  A black mamba (Snake:1)
  A naga mage (Snake:2)
  A merfolk (Shoals:4)
  A wind drake (Shoals:2)
  5 humans (Snake:2)
  A naga (Snake:4)
  A hell hound (Lair:6)
  A centaur (Shoals:4)
  7 fungi
  25 plants
  6 tentacles (Shoals:4)
51 creatures vanquished.

Grand Total: 997 creatures vanquished

Notes
Turn   | Place    | Note
-------+----------+-------------------------------------------
     0 | D:1      | 4thArraOfDagon the Minotaur Berserker began the quest for the Orb.
     0 | D:1      | Reached XP level 1. HP: 19/19 MP: 0/0
   161 | D:2      | Reached XP level 2. HP: 27/27 MP: 1/1
   270 | D:5      | Entered Level 5 of the Dungeon
   274 | D:5      | Reached skill level 4 in Long Blades
   274 | D:5      | Reached XP level 3. HP: 33/33 MP: 2/2
   314 | D:4      | Reached XP level 4. HP: 30/40 MP: 3/3
   366 | D:5      | Noticed a centaur
   368 | D:5      | Noticed Menkaure
   371 | D:5      | Killed a centaur
   371 | D:5      | Reached skill level 5 in Long Blades
   371 | D:5      | Reached XP level 5. HP: 45/46 MP: 4/4
   373 | D:5      | Killed Menkaure
   373 | D:5      | Reached XP level 6. HP: 28/53 MP: 5/5
   461 | D:6      | Noticed Dustman's ghost (novice MiGl)
   551 | D:6      | Reached skill level 6 in Long Blades
   683 | D:6      | Reached skill level 5 in Fighting
   765 | D:7      | Reached ** piety under Trog
   893 | D:7      | Reached XP level 7. HP: 56/61 MP: 6/6
   894 | D:7      | Reached skill level 5 in Armour
   948 | D:7      | Noticed a spriggan baker
   953 | D:7      | Killed a spriggan baker
   953 | D:7      | Reached skill level 7 in Long Blades
  1041 | D:8      | Noticed a two-headed ogre
  1049 | D:8      | Killed a two-headed ogre
  1049 | D:8      | Reached skill level 8 in Long Blades
  1049 | D:8      | Reached skill level 5 in Dodging
  1049 | D:8      | Reached XP level 8. HP: 71/71 MP: 7/7
  1076 | D:8      | Reached skill level 9 in Long Blades
  1162 | D:8      | Reached XP level 9. HP: 46/79 MP: 8/8
  1257 | D:9      | Gained mutation: You occasionally shout uncontrollably at your foes. [mutagenic meat]
  1258 | D:9      | Gained mutation: You have a beak for a mouth. [mutagenic meat]
  1259 | D:9      | Gained mutation: You tend to lose your temper in combat. [mutagenic meat]
  1260 | D:9      | Gained mutation: You are resistant to hostile enchantments. (MR+) [mutagenic meat]
  1330 | D:9      | Reached skill level 10 in Long Blades
  1410 | D:9      | Noticed Agrougrou's ghost (novice DsFi)
  1417 | D:9      | Reached skill level 11 in Long Blades
  1439 | D:9      | jacquesderrida: Daging
  1442 | D:9      | HP: 4/81 [Agrougrou's ghost (6)]
  1447 | D:9      | Killed Agrougrou's ghost
  1447 | D:9      | Reached XP level 10. HP: 12/90 MP: 9/9
  1559 | D:9      | Noticed a purple ugly thing
  1565 | D:9      | Killed a purple ugly thing
  1592 | D:10     | Entered Level 10 of the Dungeon
  1617 | D:9      | Found a staircase to the Lair.
  1685 | D:10     | Reached skill level 12 in Long Blades
  1807 | D:10     | Reached *** piety under Trog
  2109 | D:12     | Noticed a manticore
  2114 | D:12     | Killed a manticore
  2171 | D:12     | Reached XP level 11. HP: 99/99 MP: 10/10
  2185 | D:12     | Reached skill level 13 in Long Blades
  2212 | D:12     | Noticed a two-headed ogre
  2216 | D:12     | Killed a two-headed ogre
  2272 | D:12     | Reached skill level 10 in Fighting
  2278 | D:12     | Gained mutation: You are weak. (Str -2) [mutagenic meat]
  2280 | D:12     | Lost mutation: You tend to lose your temper in combat. [mutagenic meat]
  2291 | D:12     | Reached skill level 10 in Armour
  2306 | D:12     | Noticed a wizard
  2311 | D:12     | Killed a wizard
  2409 | D:13     | Found a labyrinth entrance.
  2418 | Lab      | Entered a labyrinth
  2639 | Lab      | Noticed a minotaur
  2645 | Lab      | Killed a minotaur
  2647 | Lab      | Got a coiled tin ring
  2664 | Lab      | Identified the ring "Sococoeg" {*Corrode *Drain rPois MP+9 SInv} (You took it off a minotaur in a labyrinth)
  2704 | D:13     | Reached skill level 14 in Long Blades
  2730 | D:13     | Found an iron altar of Okawaru.
  2754 | D:13     | Noticed an orc knight
  2784 | D:13     | Killed an orc knight
  2844 | D:13     | Noticed a centaur warrior
  2857 | D:13     | Killed a centaur warrior
  2873 | D:13     | Noticed Rupert
  2875 | D:13     | Killed an unseen horror
  2875 | D:13     | Reached skill level 10 in Dodging
  2886 | D:13     | Killed Rupert
  2886 | D:13     | Reached XP level 12. HP: 110/110 MP: 11/11
  2932 | D:13     | Reached skill level 15 in Long Blades
  2959 | D:13     | Found a gate to the Vaults.
  3071 | D:13     | Reached **** piety under Trog
  3362 | D:15     | Entered Level 15 of the Dungeon
  3424 | D:15     | Gained mutation: You have a pair of large horns on your head. [mutagenic meat]
  3425 | D:15     | Lost mutation: You are weak. (Str -2) [mutagenic meat]
  3426 | D:15     | Gained mutation: You are frail. (-10% HP) [mutagenic meat]
  3427 | D:15     | Gained mutation: Your body sometimes deteriorates upon taking damage. [mutagenic meat]
  3428 | D:15     | Gained mutation: Your body often deteriorates upon taking damage. [mutagenic meat]
  3429 | D:15     | Lost mutation: Your body often deteriorates upon taking damage. [mutagenic meat]
  3430 | D:15     | Gained mutation: You are dopey. (Int -2) [mutagenic meat]
  3431 | D:15     | Lost mutation: You are frail. (-10% HP) [mutagenic meat]
  3432 | D:15     | Gained mutation: You are surrounded by a mild repulsion field. (EV +2) [mutagenic meat]
  3433 | D:15     | Gained mutation: Your flesh is heat resistant. (rF+) [mutagenic meat]
  3602 | D:11     | Noticed a two-headed ogre
  3606 | D:11     | Killed a two-headed ogre
  4009 | D:9      | Found Qorrah's Armour Shoppe.
  4033 | D:8      | Noticed Maurice
  4048 | D:8      | Reached skill level 16 in Long Blades
  4059 | D:8      | Killed Maurice
  4095 | D:8      | Reached ***** piety under Trog
  4395 | D:12     | Identified a scroll of acquirement
  4784 | Lair:1   | Entered Level 1 of the Lair of Beasts
  4792 | Lair:1   | Reached XP level 13. HP: 111/118 MP: 12/12
  4824 | Lair:1   | Reached skill level 1 in Evocations
  5076 | Lair:2   | Noticed Harold
  5088 | Lair:2   | Killed Harold
  5432 | Lair:4   | Received a gift from Trog
  5581 | Lair:6   | Entered Level 6 of the Lair of Beasts
  5710 | Lair:6   | Reached skill level 17 in Long Blades
  5742 | Lair:6   | jacquesderrida: Yes
  6007 | Lair:6   | Noticed a fire dragon
  6096 | Lair:6   | Received a gift from Trog
  6100 | Lair:6   | Reached XP level 14. HP: 129/129 MP: 15/15
  6145 | Lair:6   | Found a large runed door.
  6146 | Lair:6   | Found a large runed door.
  6371 | Lair:4   | Received a gift from Trog
  6405 | Lair:4   | Identified the +2 ring mail of Limitation {rPois rF+ Int-3} (You found it on level 4 of the Lair of Beasts)
  6577 | Lair:3   | :)
  6606 | Lair:2   | 4thArraOfDagon: win
  6671 | Lair:2   | Found a staircase to the Snake Pit.
  6681 | Snake:1  | Entered Level 1 of the Snake Pit
  6683 | Snake:1  | Noticed Nikola
  6684 | Snake:1  | jacquesderrida: r u win
  6690 | Snake:1  | Noticed Louise
  6698 | Snake:1  | Killed Nikola
  6709 | Lair:2   | jacquesderrida: dennnnng
  6758 | Snake:1  | Killed Louise
  6817 | Snake:2  | Noticed Kirke
  6827 | Snake:2  | Killed Kirke
  6828 | Snake:2  | Found a deep blue altar of Sif Muna.
  6891 | Snake:2  | Reached skill level 18 in Long Blades
  6917 | Snake:2  | Reached skill level 5 in Evocations
  7053 | Snake:2  | Upgraded the game from 0.20-a0-1117-g62da73f to 0.20-a0-1121-gbb42413
  7186 | Snake:3  | Noticed a nagaraja
  7191 | Snake:3  | Killed a nagaraja
  7364 | Snake:4  | Entered Level 4 of the Snake Pit
  7385 | Snake:4  | Reached XP level 15. HP: 138/138 MP: 18/18
  7399 | Snake:4  | Received a gift from Trog
  7529 | Snake:4  | Found Oqur's Magic Scroll Emporium.
  7537 | Snake:4  | Bought a scroll of fog for 30 gold pieces
  7537 | Snake:4  | Bought a scroll of enchant weapon for 112 gold pieces
  7537 | Snake:4  | Bought a scroll of fog for 30 gold pieces
  7587 | Snake:4  | Received a gift from Trog
  7681 | Snake:4  | Noticed a nagaraja
  7715 | Snake:4  | Killed a nagaraja
  7768 | Snake:4  | Noticed a nagaraja
  7811 | Snake:4  | Killed a nagaraja
  7958 | Snake:4  | Noticed a nagaraja
  7963 | Snake:4  | Reached skill level 19 in Long Blades
  7968 | Snake:4  | Killed a nagaraja
  8042 | Snake:4  | Noticed a nagaraja
  8067 | Snake:4  | Killed a nagaraja
  8194 | Snake:4  | Noticed a nagaraja
  8204 | Snake:4  | Killed a nagaraja
  8219 | Snake:4  | Received a gift from Trog
  8277 | Snake:4  | Noticed a nagaraja
  8291 | Snake:4  | Killed a nagaraja
  8337 | Snake:4  | Got a serpentine rune of Zot
  8531 | Snake:4  | Noticed a nagaraja
  8536 | Snake:4  | Killed a nagaraja
  8893 | Lair:3   | Reached skill level 15 in Fighting
  8893 | Lair:3   | Reached XP level 16. HP: 140/149 MP: 20/20
  9008 | Lair:4   | BULLSHIT'
  9358 | Lair:2   | WHAT
  9405 | Lair:3   | Found a staircase to the Shoals.
  9411 | Lair:3   | LETS JUS DIE
  9412 | Shoals:1 | Entered Level 1 of the Shoals
  9430 | Shoals:1 | Noticed Donald
  9446 | Shoals:1 | Killed Donald
  9614 | Shoals:2 | Reached skill level 20 in Long Blades
  9778 | Shoals:2 | Reached skill level 15 in Armour
  9894 | Shoals:2 | Found a frozen archway.
  9923 | Shoals:2 | Received a gift from Trog
  9940 | Shoals:2 | :(
  9948 | IceCv    | Entered an ice cave
  9983 | IceCv    | Gained mutation: You can translocate small distances at will. [mutagenic meat]
 10318 | IceCv    | Got a scorched lapis lazuli ring
 10320 | IceCv    | Identified the ring of Satyriasis {rN+ Str+3 Dex+4 SInv Stlth-} (You found it in an ice cave)
 10323 | IceCv    | Got a pair of faintly glowing boots
 10334 | IceCv    | Identified the +0 pair of boots "Urets" {+Blink rF+ rN+ Str-5} (You found it in an ice cave)
 10334 | IceCv    | :(
 10760 | Shoals:4 | Entered Level 4 of the Shoals
 10806 | Shoals:4 | Noticed Ilsuiw
 10834 | Shoals:4 | Killed Ilsuiw
 10885 | Shoals:4 | HP: 6/150 [snapping turtle (16)]
 10896 | Shoals:4 | Reached skill level 21 in Long Blades
 11095 | Shoals:4 | MikeHunt: dump plx?
 11108 | Shoals:4 | Reached XP level 17. HP: 116/158 MP: 21/21
 11201 | Shoals:4 | 4thArraOfDagon: no
 11201 | Shoals:4 | 4thArraOfDagon: its a disgrace to decent self-respecting mibe :/
 11209 | Shoals:4 | MikeHunt: hahaha
 11226 | Shoals:4 | Reached skill level 15 in Dodging
 11258 | Shoals:4 | 4thArraOfDagon: spent 5k for searching orcs and lair branches!
 11260 | Shoals:4 | 4thArraOfDagon: and didnt find orcs at all
 11310 | Shoals:4 | Got a flickering jade ring
 11312 | Shoals:4 | Identified the ring "Xinupt" {Int+2 Dex+3 Stlth+} (You found it on level 4 of the Shoals)
 11743 | Shoals:4 | Got a barnacled rune of Zot
 11837 | Shoals:4 | Received a gift from Trog
 11900 | Shoals:4 | Leszczynek: is this going to be 15 runes or just 3?
 11929 | Shoals:2 | 4thArraOfDagon: two
 11932 | Shoals:1 | 4thArraOfDagon: i will die next
 12175 | Vaults:1 | Entered Level 1 of the Vaults
 12234 | Vaults:1 | Noticed a Brimstone Fiend
 12239 | Vaults:1 | Noticed a Brimstone Fiend
 12290 | Vaults:1 | HP: 3/159 [white ugly thing (30)]
 12308 | Vaults:1 | Lost mutation: You are dopey. (Int -2) [mutagenic meat]
 12312 | Vaults:1 | Gained mutation: You are covered in fur. (AC +1) [mutagenic meat]
 12319 | Vaults:1 | Gained mutation: You are agile. (Dex +2) [mutagenic meat]
 12407 | Vaults:1 | Gained mutation: You do not regenerate when monsters are visible. [mutagenic meat]
 12408 | Vaults:1 | 4thArraOfDagon: rip
 12435 | Vaults:2 | Reached skill level 22 in Long Blades
 12835 | Vaults:2 | Noticed Aizul
 12854 | Vaults:2 | Killed Aizul
 12857 | Vaults:2 | Gained mutation: You tend to lose your temper in combat. [mutagenic meat]
 12998 | Vaults:2 | Received a gift from Trog
 13021 | Vaults:2 | Reached XP level 18. HP: 135/168 MP: 10/22
 13309 | Vaults:3 | Lost mutation: Your body sometimes deteriorates upon taking damage. [mutagenic meat]
 13387 | Vaults:3 | Noticed a lich
 13394 | Vaults:3 | Killed a lich
 13458 | Vaults:3 | Noticed Mennas
 13490 | Vaults:3 | Killed Mennas
 13558 | Vaults:3 | Got a distressingly furry crystal plate armour
 13569 | Vaults:3 | Identified the +10 crystal plate armour of the Marlin {Dex+6} (You acquired it on level 3 of the Vaults)
 13591 | Vaults:3 | Reached skill level 1 in Shields
 13591 | Vaults:3 | Reached skill level 23 in Long Blades
 13869 | Vaults:4 | Gained mutation: You often lose your temper in combat. [mutagenic meat]
 13872 | Vaults:4 | Lost mutation: You are covered in fur. (AC +1) [mutagenic meat]
 13902 | Vaults:4 | Found Era Zotimo's Food Shop.
 13968 | Vaults:4 | Found a magical portal.
 13973 | WizLab   | Entered Cigotuvi's Fleshworks
 14015 | WizLab   | Gained mutation: You are partially covered in molten scales. (AC +2) [mutagenic meat]
 14016 | WizLab   | Gained mutation: You expend magic power (3 MP) to strengthen your wands. [mutagenic meat]
 14031 | Vaults:4 | DAFUCK
 14125 | Vaults:5 | Entered Level 5 of the Vaults
 14146 | Vaults:5 | Identified Rerask's Catalogue of Damaging Lightness
 14234 | Vaults:5 | Reached XP level 19. HP: 171/178 MP: 23/23
 14420 | Vaults:5 | Gained mutation: You are highly resistant to hostile enchantments. (MR++) [mutagenic meat]
 14422 | Vaults:5 | Lost mutation: You often lose your temper in combat. [mutagenic meat]
 14497 | Vaults:5 | Noticed a golden dragon
 14516 | Vaults:5 | Killed a golden dragon
 14516 | Vaults:5 | Reached skill level 5 in Shields
 14650 | Vaults:5 | Reached skill level 24 in Long Blades
 14658 | Vaults:5 | Noticed an ancient lich
 14679 | Vaults:5 | Killed an ancient lich
 14693 | Vaults:5 | HP: 4/179 [tentacled monstrosity (6)]
 14702 | Vaults:5 | Killed from afar by a quicksilver dragon

Vault maps used:
D:1:      evilmike_arrival_rings
D:2:      nicolae_overflow_crystal_walls, first_bread, grunt_ministairs_2
D:3:      chequers_temple_overflow_minitemple, uniq_terence, uniq_sigmund,
          uniq_grinder
D:4:      minmay_temple_entry_overgrown, uniq_eustachio
D:5:      grunt_temple_overflow_magic_moments, uniq_menkaure, uniq_duvessa
D:7:      the_bakery
D:8:      uniq_pikel, uniq_maurice
D:9:      lair_entry_dummy, serial_shops, shop
D:10:     orc_0_dummy
D:13:     david_vaults_3, lab_entry_generic, okawaru_ov_weapons_minmay
D:14:     uniq_azrael
D:15:     grunt_enter_depths_snipers, hangedman_abyss_or_decor_slice
Lair:1:   serial_bayou, serial_bayou_shore_a, serial_bayou_pond_a,
          serial_bayou_pond_b, serial_bayou_crossing, beast_lair_carwin_11
Lair:2:   dummy_snake_entry, roderic_carrion_pond, grunt_megastairs_5,
          infiniplex_staircase_pool_2, uniq_harold
Lair:3:   elwin_shoals_entry_rooms, grunt_megastairs_1,
          minmay_lair_oklob_chamber
Lair:5:   minmay_slime_entry_oklob_open
Lair:6:   cheibrodos_lair_end_hotspot, lemuel_centaur_altar
Shoals:1: uniq_donald
Shoals:2: portal_ice_cave_entry_pillars_1, nicolae_shoals_water_shrine,
          uniq_polyphemus
Shoals:4: shoals_end_grunt_ice, shoal_ilsuiw, nicolae_shoals_hunting_party
Snake:1:  onia_ninara_swampy_vault, uniq_nikola, uniq_louise
Snake:2:  basic_altar, nicolae_snake_shapes, uniq_kirke
Snake:3:  hangedman_cross_veins, serial_bayou_lake_a
Snake:4:  minmay_snake_end_coiled, serial_shops, shop, serial_bayou,
          serial_bayou_pond_c, serial_bayou_pond_c, serial_bayou_ford_a,
          serial_bayou_shore_b
Vaults:1: nicolae_vaults_arrows, dpeg_vaults_monster_box, grunt_vaults_focal,
          v_rooms_1, hangedman_vaults_maws, vaults_room_pool, v_misc_2,
          v_misc_30, v_misc_23
Vaults:2: ontoclasm_vaults_loading_screen, grunt_vaults_funnel,
          ontoclasm_vaults_claustrophobia, hangedman_vaults_stagger,
          v_alt_pattern_2, v_pattern_3, grunt_vaults_trifunnel,
          ontoclasm_vaults_hangar, vaults_mumra_minichess_inversion,
          ontoclasm_vaults_decontamination, vaults_room_grid,
          hangedman_vaults_impose, vaults_room_door_ring, uniq_aizul
Vaults:3: kb_rosetta, minmay_crypt_entry_necro_gods, vaults_room_boxed,
          hangedman_vaults_nails, v_misc_2, hangedman_vaults_cutoff,
          nicolae_vaults_hallways_thing, nicolae_vaults_asterisk,
          vaults_room_pools, v_alt_pattern_6, vaults_room_door_ring,
          nicolae_vaults_little_squares_2, nicolae_vaults_little_ls,
          vaults_mumra_hexcomb, serial_shops, shop, uniq_mennas
Vaults:4: nicolae_vaults_three_branches,
          vaults_standard_mumra_enter_the_diamond, hangedman_vaults_nails,
          grunt_vaults_hallway_long, v_misc_22, grunt_vaults_hallway_long,
          nicolae_vaults_shelves_hall, ontoclasm_vaults_twist,
          hangedman_vaults_corner, vaults_room_semicircle,
          ontoclasm_vaults_fault, nicolae_vaults_border_crossing, v_misc_14,
          mu_enter_wizlab_1, serial_shops, nicolae_shop_statue_plus,
          uniq_jorgrun
Lab:      labyrinth_mini_lab, nicolae_lab_quarters, nicolae_lab_checkerboard,
          lab_statue, lab_fountain, nicolae_lab_stuck, nicolae_lab_dead_end,
          nicolae_lab_lava, nicolae_lab_starburst
IceCv:    ice_cave_caverns_03
WizLab:   wizlab_cigotuvi

Skill      XL: |  1  2  3  4  5  6  7  8  9 10 11 12 13 14 15 16 17 18 19 |
---------------+----------------------------------------------------------+-----
Long Blades    | 4 5 6 8 9 11 12 14 16 17 18 19 21 22 23 24 | 24.1
Armour         | 3 4 6 8 9 11 12 13 14 15 16 17 18 | 18.2
Fighting       | 4 5 6 7 8 9 11 12 13 14 15 16 17 18 | 18.2
Dodging        | 3 4 5 6 7 8 10 11 12 13 14 15 16 17 | 17.1
Evocations     | 3 5 7 |  7.0
Shields        | 3 6 |  6.2

Action                   |  1- 3 |  4- 6 |  7- 9 | 10-12 | 13-15 | 16-18 | 19-21 || total
-------------------------+-------+-------+-------+-------+-------+-------+-------++-------
Melee: Falchion          |    15 |       |       |       |       |       |       ||    15
       Headbutt          |     2 |     9 |    29 |   101 |   215 |   433 |    81 ||   870
       Long sword        |    11 |    13 |       |       |       |       |       ||    24
       Great sword       |       |    26 |   107 |   399 |   728 |  1308 |   189 ||  2757
       Peck              |       |       |    11 |    97 |   190 |   419 |    77 ||   794
Invok: Berserk           |     2 |     5 |     4 |    10 |    19 |     9 |       ||    49
       Trog's Hand       |       |       |     8 |    15 |    24 |    64 |    11 ||   122
       Burn Spellbooks   |       |       |       |     1 |       |       |       ||     1
       Brothers in Arms  |       |       |       |       |     1 |     5 |     2 ||     8
Evoke: Wand              |       |       |     2 |     2 |     3 |    17 |     1 ||    25
       Phial of floods   |       |       |       |       |     1 |       |       ||     1
  Use: Potion            |       |       |     5 |       |       |    10 |     4 ||    19
       Scroll            |       |       |     2 |    18 |    16 |    13 |     3 ||    52
 Stab: Sleeping          |       |       |     1 |       |       |       |       ||     1
       Distracted        |       |       |     1 |       |     1 |     2 |       ||     4
       Petrified         |       |       |       |       |     2 |       |       ||     2
  Eat: Chunk             |       |     5 |    12 |    53 |    16 |    44 |     6 ||   136
       Fruit             |       |       |       |       |     4 |       |     1 ||     5
       Royal jelly       |       |       |       |       |     6 |     5 |     1 ||    12
       Meat ration       |       |       |       |       |     2 |     5 |       ||     7
Armor: Ring mail         |     3 |     6 |    49 |       |       |       |       ||    58
       Animal skin       |     1 |       |       |       |       |       |       ||     1
       Plate armour      |       |       |       |    49 |       |       |       ||    49
       Troll leather arm |       |       |       |     8 |       |       |       ||     8
       Crystal plate arm |       |       |       |   238 |   535 |   743 |   124 ||  1640
Dodge: Dodged            |    16 |    23 |   123 |   217 |   428 |   801 |   116 ||  1724
       Rpst.: Falchion   |     3 |       |       |       |       |       |       ||     3
       Long sword        |       |     2 |       |       |       |       |       ||     2
       Great sword       |       |     4 |    27 |    60 |    81 |   154 |    21 ||   347
